 Dungeon Crawl Stone Soup version 0.29.1-12-g30fa7ad0bf (webtiles) character file.

Game seed: 15556106111550004998

293 javelincjr the Magician (level 6, -4/43 HPs)
             Began as a Djinni Hedge Wizard on Jan 18, 2023.
             Killed by divine providence
             ... invoked by an orc priest
              (15 damage)
             ... on level 3 of the Dungeon.
             The game lasted 00:15:31 (3431 turns).

javelincjr the Magician (Djinni Hedge Wizard)       Turns: 3431, Time: 00:15:32

Health: -4/43      AC:  2    Str:  9    XL:     6   Next: 60%
Gold:   75         EV: 12    Int: 18    God:
                   SH:  0    Dex: 12

rFire   + + .      SeeInvis .   d - +0 dagger (protect)
rCold   x . .      Faith    .   (no shield)
rNeg    . . .      Spirit   .   b - +0 robe
rPois   ∞          Reflect  .   c - +0 hat
rElec   .          Harm     .   (no cloak)
rCorr   .          Rampage  .   (no gloves)
Will    .....                   (boots unavailable)
Stlth   ++........              (no amulet)
HPRegen 0.14/turn               (no ring)
MPRegen 0.00/turn               (no ring)

@: flying
A: sickness immunity, fire resistance 2, cold vulnerability 1, float, innate
caster, HP casting, extra vitality 1
a: no special abilities


You were on level 3 of the Dungeon.
You visited 1 branch of the dungeon, and saw 3 of its levels.
You also visited: Sewer.

You collected 75 gold pieces.

Inventory:

Hand Weapons
 a - a +0 dagger
 d - a +0 dagger of protection (weapon)
 q - the +4 sling of Purpose {venom, Str+4 Int+2}
   (You found it on level 2 of the Dungeon)

   Any ammunition fired from it poisons the flesh of those it strikes.
   Str:       It affects your strength (+4).
   Int:       It affects your intelligence (+2).
Missiles
 n - 4 boomerangs
 t - 8 poisoned darts
Armour
 b - a +0 robe (worn)
 c - a +0 hat (worn)
Scrolls
 f - a scroll of immolation {unknown}
 j - a scroll of acquirement {unknown}
 k - a scroll of blinking {unknown}
 l - 5 scrolls of identify {unknown}
 m - 5 scrolls of teleportation {unknown}
 p - 3 scrolls of poison {unknown}
 s - a scroll of enchant weapon {unknown}
 u - a scroll of fear {unknown}
 v - a scroll of magic mapping {unknown}
 w - a scroll of summoning {unknown}
Potions
 e - 2 potions of might {unknown}
 g - 2 potions of curing
 h - a potion of haste {unknown}
 i - a potion of invisibility {unknown}
 o - 3 potions of mutation {unknown}
 r - a potion of lignification {unknown}


   Skills:
 + Level 2.1 Fighting
 + Level 0.2 Short Blades
 + Level 2.7 Ranged Weapons
 + Level 3.3 Dodging
 + Level 2.0 Stealth
 + Level 3.5 Spellcasting


You couldn't memorise any spells.
You knew the following spells:

 Your Spells              Type           Power      Damage    Failure   Level
a - Magic Dart            Conj           60%        1d6       3%          1
b - Blink                 Tloc           30%        N/A       5%          2
c - Call Imp              Summ           15%        N/A       5%          2
d - Slow                  Hex            60%        N/A       3%          1
e - Conjure Flame         Conj/Fire      15%        6-21      11%         3
f - Mephitic Cloud        Conj/Pois/Air  15%        N/A       11%         3
g - Foxfire               Conj/Fire      60%        2x1d7     3%          1
h - Ensorcelled Hibernat  Hex/Ice        30%        N/A       5%          2
Your spell library was empty.

Dungeon Overview and Level Annotations

Branches:
Dungeon (3/15)              Sewer (visited)

Altars:


Innate Abilities, Weirdness & Mutations

You are immune to sickness and miasma.
You are immune to poison.
Your flesh is very heat resistant. (rF++)
You are vulnerable to cold. (rC-)
You float through the air rather than walking.
You learn spells naturally, not from books.
Your magical power is your life essence.
You have superior vitality. (+4 MHP)


Message History

The foxfire hits something but does no damage.
Something hits the orc priest.
Casting: Foxfire (safe; 3% risk of failure)
Confirm with . or Enter, or press ? or * to list all spells.
You conjure some foxfire!
The foxfire hits the ball python.
The ball python is moderately wounded.
The foxfire hits something.
Something hits the ball python.
The ball python bites you but does no damage.
The ball python closely misses you.
Casting: Foxfire (safe; 3% risk of failure)
Confirm with . or Enter, or press ? or * to list all spells.
You conjure some foxfire!
The ball python bites you. The ball python grabs you.
The ball python constricts you. Something barely misses your foxfire.
You escape the ball python's grasp.
The ball python attacks as you move away!
The ball python barely misses you.
The foxfire hits the ball python!
You kill the ball python!
The foxfire hits something.
Casting: Foxfire (safe; 3% risk of failure)
Confirm with . or Enter, or press ? or * to list all spells.
You conjure some foxfire!
The foxfire hits something.
Reactivating autopickup.
You feel a bit more experienced.
The orc priest begins to cast a cantrip, but forgets the words!
Casting: Foxfire (safe; 3% risk of failure)
Confirm with . or Enter, or press ? or * to list all spells.
You conjure some foxfire!
The orc priest looks braver for a moment.
Unknown command.
The foxfire hits the orc priest.
The orc priest is almost dead.
The foxfire hits the orc priest.
The orc priest is almost dead.
The orc priest invokes the aid of Beogh against you.
Pain shoots through your body!
* * * LOW HITPOINT WARNING * * *
The orc priest invokes the aid of Beogh against you.
Beogh smites you!
You die...

#.# #.. #~#~~#~# #.# ..#
#~##~#~# #.# #.#
#~~~~#~# #.# # #)#
####~#~# #. #.# #~~~~~~#
#.###)# #~######
.##...#J# #~~~~~~~
.......o## #####~#~#
.### ##.....@.##
#..~~~~~. ...##
##.#.#...## ##....~...
#...#
#.##...#..##.##........
##...###
#.#....###....####..##.#
)......####.#....#..####
##÷##..
..............#....####
#÷##.# .......#
###...#.....######.##.#
##....#
##.##...............#
.).<..#
#.######.###########


You could see an orc priest and an endoplasm.

Vanquished Creatures
  A kobold brigand (Sewer)
  An orc wizard (D:3)
  7 adders
  7 river rats
  3 worms (D:3)
  2 orcs (D:3)
  4 bats
  6 endoplasms
  A giant cockroach (D:2)
  2 goblins (D:1)
  A hobgoblin (D:1)
  3 jackals (Sewer)
  6 quokkas
  8 ball pythons
  4 frilled lizards
  8 kobolds
  6 rats
70 creatures vanquished.

Vanquished Creatures (collateral kills)
  2 jackals (Sewer)
  A frilled lizard (D:1)
3 creatures vanquished.

Vanquished Creatures (others)
  14 foxfires
  13 plants (Sewer)
27 creatures vanquished.

Grand Total: 100 creatures vanquished

Notes
Turn   | Place    | Note
-------+----------+-------------------------------------------
     0 | D:1      | javelincjr the Djinni Hedge Wizard began the quest for the
                  | Orb.
     0 | D:1      | javelincjr set off with the following spells memorised:
                  | Magic Dart, Blink, Call Imp, Slow, Conjure Flame, Mephitic
                  | Cloud.
     0 | D:1      | Reached XP level 1. HP: 15/15 MP: 0/0
   387 | D:1      | Reached XP level 2. HP: 18/21 MP: 0/0
   983 | D:1      | Reached XP level 3. HP: 23/25 MP: 0/0
   983 | D:1      | Learned a level 1 spell: Foxfire
  1133 | D:1      | Found a faded altar of an unknown god.
  1289 | D:2      | Identified the +4 sling of Purpose {venom, Str+4 Int+2}
  1915 | D:3      | Reached XP level 4. HP: 31/31 MP: 0/0
  1918 | D:3      | Reached skill level 1 in Ranged Weapons
  2095 | D:3      | Found a glowing drain.
  2100 | D:3      | Reached skill level 1 in Fighting
  2100 | D:3      | Reached XP level 5. HP: 17/37 MP: 0/0
  2100 | D:3      | Learned a level 2 spell: Ensorcelled Hibernation
  2107 | Sewer    | Entered a sewer
  2325 | Sewer    | Noticed a kobold brigand
  2331 | Sewer    | Killed a kobold brigand
  2460 | Sewer    | Reached XP level 6. HP: 35/42 MP: 0/0
  3431 | D:3      | Killed from afar by an orc priest

Illustrated notes

Levels and vault maps discovered:
D:1:      lemuel_arrival_broad_hall, layout_rooms,
          hellmonk_ecumenical_altar_leap_of_faith
D:2:      layout_basic
D:3:      layout_loops_ring, lightli_sewer_entry_pipes

Skill      XL: |  1  2  3  4  5  6 |
---------------+-------------------+-----
Spellcasting   | 3 |  3.5
Ranged Weapons | 1 2 |  2.7
Fighting       | 1 2 |  2.1
Dodging        | 3 |  3.3
Stealth        | 2 |  2.0
Short Blades   | |  0.2

Action                   |  1- 3 |  4- 6 || total
-------------------------+-------+-------++-------
Melee: Dagger            |    26 |   118 ||   144
       Punch             |       |     2 ||     2
 Fire: Sling             |    21 |    79 ||   100
 Cast: Magic Dart        |    44 |     1 ||    45
       Blink             |     1 |     1 ||     2
       Call Imp          |     1 |     2 ||     3
       Foxfire           |       |     9 ||     9
       Ensorcelled Hiber |       |     1 ||     1
       Mephitic Cloud    |       |     2 ||     2
  Use: Potion            |       |     1 ||     1
Armor: Robe              |     8 |    33 ||    41
Dodge: Dodged            |    25 |    59 ||    84
